 Dungeon Crawl Stone Soup version 0.29.1-15-g9cfb28693d (webtiles) character file.

Game seed: 14701276721062839075

11 cdecastro the Shield-Bearer (level 2, 0/26 HPs)
             Began as a Minotaur Fighter on Mar 9, 2023.
             Slain by a gnoll
             ... wielding a +0 flail
              (5 damage)
             ... on level 1 of the Dungeon.
             The game lasted 00:00:49 (76 turns).

cdecastro the Shield-Bearer (Minotaur Fighter)        Turns: 76, Time: 00:00:49

Health: 0/26       AC:  6    Str: 20    XL:     2   Next: 17%
Magic:  1/1        EV:  9    Int:  5    God:
Gold:   0          SH:  0    Dex:  9    Spells: 1/1 levels left

rFire   . . .      SeeInvis .   a - +0 war axe
rCold   . . .      Faith    .   (no shield)
rNeg    . . .      Spirit   .   b - +0 scale mail
rPois   .          Reflect  .   (helmet restricted)
rElec   .          Harm     .   (no cloak)
rCorr   .          Rampage  .   (no gloves)
Will    .....                   (no boots)
Stlth   ..........              (no amulet)
HPRegen 0.08/turn               (no ring)
MPRegen 0.07/turn               (no ring)

@: no status effects
A: horns 2, retaliatory headbutt
a: no special abilities


You were on level 1 of the Dungeon.
You visited 1 branch of the dungeon, and saw 1 of its levels.

Inventory:

Hand Weapons
 a - a +0 war axe (weapon)
Armour
 b - a +0 scale mail (worn)
 c - a +0 buckler
Scrolls
 f - a scroll of butterflies {unknown}
Potions
 d - a potion of might
 e - 2 potions of curing {unknown}


   Skills:
 - Level 3.6 Fighting
 + Level 3.5 Axes
 - Level 3.6 Armour
 - Level 3.6 Shields


You had one spell level left.
You didn't know any spells.
Your spell library was empty.

Dungeon Overview and Level Annotations

Branches:
Dungeon (1/15)

Altars:


Innate Abilities, Weirdness & Mutations

You have a pair of horns on your head.
You reflexively headbutt those who attack you in melee.


Message History

The goblin attacks as you move away! The goblin hits you but does no damage.
You barely miss the frilled lizard.
Your headbutt misses the frilled lizard.
The frilled lizard barely misses you. You furiously retaliate!
You headbutt the frilled lizard.
You kill the frilled lizard!
You slash the goblin!
You kill the goblin!
You barely miss the goblin. Your headbutt misses the goblin.
The goblin hits you but does no damage. The goblin completely misses you.
You slash the goblin!
You kill the goblin!
You have reached level 2!
You hit the hobgoblin but do no damage. You headbutt the hobgoblin.
The hobgoblin is lightly wounded.
The hobgoblin barely misses you.
You hit the hobgoblin but do no damage.
The hobgoblin is lightly wounded.
The hobgoblin barely misses you. The hobgoblin closely misses you.
You barely miss the hobgoblin.
The hobgoblin is lightly wounded.
The hobgoblin hits you but does no damage.
You hit the hobgoblin.
The hobgoblin is almost dead.
The hobgoblin hits you but does no damage.
You hit the hobgoblin but do no damage.
The hobgoblin is almost dead.
The hobgoblin closely misses you.
The hobgoblin hits you but does no damage.
You barely miss the hobgoblin.
The hobgoblin is almost dead.
The hobgoblin closely misses you.
You hit the hobgoblin.
You kill the hobgoblin!
You slash the kobold!
You kill the kobold!
You slash the gnoll!
The gnoll is almost dead.
The gnoll barely misses you. The gnoll hits you with a +0 flail.
You die...

..........# ..###.#.
..........# .........
..[.......# .........#
..........###..##.....#
................#.....
#.....).....#.#...#
#..$##....#.#...#
###.g.# #.#.#.#
###@###.#.#†######
#..##.#.#......#
#######.##.#.#......##
##8.8###....#..........
#......##......).######
#......##.....>.......
##..8...##.#......#####
#8......#..#).....+
#<......'.##......#


You could see a gnoll.

Vanquished Creatures
  3 goblins (D:1)
  2 hobgoblins (D:1)
  3 kobolds (D:1)
  A frilled lizard (D:1)
  A rat (D:1)
10 creatures vanquished.

Notes
Turn   | Place    | Note
-------+----------+-------------------------------------------
     0 | D:1      | cdecastro the Minotaur Fighter began the quest for the Orb.
     0 | D:1      | Reached XP level 1. HP: 19/19 MP: 0/0
    68 | D:1      | Reached XP level 2. HP: 4/26 MP: 1/1
    76 | D:1      | Slain by a gnoll

Illustrated notes

Levels and vault maps discovered:
D:1:      mrwooster_arrival_statue_3, layout_basic,
          chequers_serial_rivers_micro_a, nicolae_wormholes

Skill      XL: |  1 |
---------------+----+-----
Axes           | 3 |  3.5
Fighting       | |  3.6
Armour         | |  3.6
Shields        | |  3.6

Action                   || total
-------------------------++-------
Melee: War axe           ||    22
       Headbutt          ||     1
Armor: Scale mail        ||    15
Dodge: Dodged            ||    13
